 Dungeon Crawl Stone Soup version 0.31-a0-1-g4198be8af4 (webtiles) character file.

Game seed: 2125445767789857101

668 cforsyth the Shield-Bearer (level 8, -1/59 (69) HPs)
             Began as a Meteoran Fighter on May 2, 2023.
             Slain by a wight
             ... wielding a +0 dire flail
              (10 damage)
             ... on level 8 of the Dungeon.
             The game lasted 00:07:21 (1394 turns).

cforsyth the Shield-Bearer (Meteoran Fighter)       Turns: 1394, Time: 00:07:21

HP:   -1/59 (69)    AC:  7    Str: 19    XL:     8   Next: 13%
MP:   0/9           EV:  9    Int: 11    God:
Gold: 123           SH:  5    Dex: 13    Spells: 7/7 levels left

rFire   + . .        a - +0 flail
rCold   + . .        c - +0 buckler
rNeg    . . .        b - +0 scale mail
rPois   .            (no helmet)
rElec   .            i - scarf {rC+ rF+}
rCorr   .            (no gloves)
SInv    .            (no boots)
Will    +....        h - amulet of guardian spirit Stlth
                     l - ring of flight
HPRegen 0.29/turn    (no ring)
MPRegen 0.11/turn

%: guardian spirit
@: mighty, flying, glowing, heavily drained
A: sense surroundings 1, otherworldly, glowing, explore regen
a: no special abilities


You were on level 8 of the Dungeon.
You visited 1 branch of the dungeon, and saw 7 of its levels.

You collected 123 gold pieces.

Inventory:

Hand Weapons
 a - a +0 flail (weapon)
Armour
 b - a +0 scale mail (worn)
 c - a +0 buckler (worn)
 i - a scarf of resistance (worn)
 o - +0 acid dragon scales
Jewellery
 h - an amulet of guardian spirit (around neck)
 l - a ring of flight (left hand)
Wands
 s - a wand of iceblast (14)
Scrolls
 j - a scroll of vulnerability {unknown}
 m - a scroll of poison {unknown}
 p - a scroll of teleportation {unknown}
 r - a scroll of blinking {unknown}
Potions
 f - a potion of mutation {unknown}
 k - a potion of haste {unknown}
 n - a potion of attraction {unknown}
 t - a potion of flight {unknown}


   Skills:
 + Level 5.4 Fighting
 + Level 5.8 Maces & Flails
 + Level 6.0 Armour
 + Level 6.0 Shields


You had 7 spell levels left.
You didn't know any spells.
Your spell library contained the following spells:

 Spells                   Type           Power      Damage    Failure   Level
 Apportation              Tloc           0%         N/A       75%         1
 Necrotise                Necr           0%         1d4       75%         1
 Summon Small Mammal      Summ           0%         N/A       75%         1
 Ozocubu's Armour         Ice            0%         N/A       98%         3
 Ozocubu's Refrigeration  Ice            0%         4d7       100%        7


Dungeon Overview and Level Annotations

Branches:
Dungeon (8/15) Zot: 2725
 Temple: D:4-7         Lair: D:8-11

Altars:
Qazlal
Ru
Yredelemnul

Shops:
D:1 [


Innate Abilities, Weirdness & Mutations

You passively map a small area around you.
You are easily found by Zot.
You glow in the dark.
You regain HP and MP as you explore.


Message History

The wight hits you with a +0 trident.
You feel drained. The wight hits you with a +0 hand axe.
You feel drained. The wight barely misses you.
There is an open door, spattered with blood here.
You hit the wight but do no damage. The wight hits you but does no damage.
The wight hits you with a +0 hand axe.
You feel drained.
The wight hits you with a +0 dire flail.
The wight hits you with a +0 trident.
You feel drained.
* * * LOW HITPOINT WARNING * * *
The wight attacks as you move away! The wight hits you with a +0 hand axe!
* * * LOW HITPOINT WARNING * * *
The wight attacks as you move away! The wight hits you with a +0 trident!
* * * LOW HITPOINT WARNING * * *
You feel drained.
* * * LOW HITPOINT WARNING * * *
The wight misses you.
Unknown command.
The wight attacks as you move away! You block the wight's attack.
The wight attacks as you move away! You block the wight's attack.
Found a scroll of identify.
You feel very mighty all of a sudden.
The wight hits you from afar with a +0 trident.
* * * LOW HITPOINT WARNING * * *
The wight hits you but does no damage.
You sock the wight!
The wight is moderately damaged.
The wight hits you but does no damage. The wight hits you with a +0 hand axe.
You feel drained. The wight misses you.
You thump the wight!
You destroy the wight!
The wight closely misses you. You block the wight's attack.
Your Armour skill increases to level 6!
Your Shields skill increases to level 6!
You barely miss the wight. The wight barely misses you. x2
Unknown command.
You hit the wight.
The wight is moderately damaged.
The wight hits you but does no damage. You block the wight's attack. x2
The wight hits you with a +0 dire flail!
You die...

.......# , ,
.......#
,#.?.#,, , ,
.......# *,
#...# ,
.......#
#...# , , ,
.......# ,
,#...#
.......#
#...#
.......# , ,
#...#
.......# ,
#...#,
.......#
,#@..# ,
.......#
#....#)z.#,
.......#
#....#.z.#,
.......#
#....#...#,,
.......#
#)...#...#
.......#
#....#...+ ,
.......#
#....#...# ,
(......#
#....#...#,
#......#
#....#...# *
*


You could see 2 wights.

Vanquished Creatures
  A water moccasin (D:8)
  A black bear (D:4)
  A phantom (D:3)
  2 scorpions
  A wight (D:8)
  2 orc priests
  2 sleepcaps
  An iguana (D:5)
  A gnoll (D:7)
  3 river rats (D:8)
  2 ufetubi
  A worm (D:3)
  A dart slug (D:3)
  8 orcs
  A ball python (D:2)
  4 bats (D:1)
  An endoplasm (D:1)
  2 goblins (D:1)
  2 jackals (D:2)
  7 kobolds
  A quokka (D:2)
  6 frilled lizards
  A rat (D:1)
52 creatures vanquished.

Notes
Turn   | Place    | Note
-------+----------+-------------------------------------------
     0 | D:1      | cforsyth the Meteoran Fighter began the quest for the Orb.
     0 | D:1      | Reached XP level 1. HP: 19/19 MP: 2/2
    70 | D:1      | Reached XP level 2. HP: 25/26 MP: 3/3
   170 | D:1      | Found Hedgh's Antique Armour Boutique.
   269 | D:2      | Reached XP level 3. HP: 27/31 MP: 1/4
   696 | D:3      | Noticed a phantom
   721 | D:3      | Killed a phantom
   722 | D:3      | Reached XP level 4. HP: 23/40 MP: 3/5
   722 | D:3      | Reached XP level 5. HP: 27/46 MP: 3/6
   945 | D:4      | Noticed a black bear
   957 | D:4      | Reached XP level 6. HP: 32/53 MP: 4/7
   963 | D:4      | Killed a black bear
   964 | D:4      | Reached skill level 5 in Armour
   964 | D:4      | Reached skill level 5 in Shields
   999 | D:5      | Entered Level 5 of the Dungeon
  1005 | D:5      | Found a basalt altar of Yredelemnul.
  1011 | D:5      | Found a stormy altar of Qazlal.
  1024 | D:5      | Noticed an ogre
  1077 | D:5      | Reached XP level 7. HP: 42/60 MP: 5/8
  1082 | D:5      | Reached skill level 5 in Maces & Flails
  1088 | D:4      | You are sucked into a shaft and drop 3 floors!
  1177 | D:8      | Reached skill level 5 in Fighting
  1233 | D:8      | HP: 1/61 [river rat (6)]
  1254 | D:8      | Noticed a water moccasin
  1257 | D:8      | Found a sacrificial altar of Ru.
  1260 | D:8      | Killed a water moccasin
  1261 | D:8      | Reached XP level 8. HP: 25/68 MP: 5/9
  1394 | D:8      | Slain by a wight

Illustrated notes

Levels and vault maps discovered:
D:1:      scummos_arrival_forest, layout_basic, serial_shops, shop_fountains,
          minmay_door_square
D:2:      layout_basic, serial_co_window_serial, co_window_of_opportunity_a,
          co_window_paths_a, co_window_cross_1, co_window_cross_1,
          co_window_paths_b, co_window_corner_a, co_window_corner_a,
          co_window_corner_ca, co_window_broadway_c, co_window_broadway_a,
          co_window_corner_b, co_window_corner_b, co_window_corner_b,
          glass_columns_a, glass_columns_a, glass_columns_b
D:3:      layout_basic
D:4:      layout_rooms, nrook_campfire, minmay_ruptured
D:5:      layout_basic, nicolae_qazlal_scattered_showers,
          mainiacjoe_overflow_tiny_flanked, minmay_temple_entry_butterflies
D:7:      layout_basic, dk_rats_in_the_wall
D:8:      minmay_the_grid_plus [minmay_the_grid_large_cup,
          minmay_the_grid_expand, minmay_the_grid_zigzag_pyramid,
          minmay_the_grid_all_tris, minmay_the_grid_prize_big_room],
          layout_gridville, nicolae_overflow_hidden_temple

Skill      XL: |  1  2  3  4  5  6  7  8 |
---------------+-------------------------+-----
Maces & Flails | 3 4 5 |  5.8
Armour         | 4 5 6 |  6.0
Shields        | 4 5 6 |  6.0
Fighting       | 4 5 |  5.4

Action                     |  1- 3 |  4- 6 |  7- 9 || total
---------------------------+-------+-------+-------++-------
  Melee: Flail             |    98 |    80 |    54 ||   232
    Use: Scroll            |       |     2 |     2 ||     4
         Potion            |       |       |     5 ||     5
 Armour: Scale mail        |    58 |    87 |    33 ||   178
  Dodge: Dodged            |    39 |    51 |    30 ||   120
  Block: Buckler           |    24 |    40 |    30 ||    94

Table legend: (Time is in decaauts)
 A = Elapsed time spent in this place.
 B = Non-inter-level travel time spent in this place.
 C = Inter-level travel time spent in this place.
 D = Time resting spent in this place.
 E = Time spent auto-exploring this place.
 F = Levels seen in this place.
 G = Mean time per level.
                   A        B        C        D        E       F      G
               +--------+--------+--------+--------+--------+-----+--------+
         Total |   1473 |   1438 |     35 |      0 |     18 |   7 |  210.4 |
       Dungeon |   1473 |   1438 |     35 |      0 |     18 |   7 |  210.4 |
               +--------+--------+--------+--------+--------+-----+--------+

Top non-repeatable levels by time:
     D:2: 411 daAuts
     D:3: 315 daAuts
     D:8: 256 daAuts
     D:1: 243 daAuts
     D:5: 94 daAuts
     D:7: 84 daAuts
     D:4: 68 daAuts
